SL
HOUSTON 1837 BBC @ PHOENIX HOTSPUR
08/06/2026
 
TOP OF THE 1ST
Houston 1837 BBC batting - Pitching for Phoenix Hotspur : RHP Javier Mora
Pitching: RHP Javier Mora
Batting: LHB Damian Delaney 0-0: Called Strike
0-1: Ground out 1-3 (Groundball, 13)
Batting: LHB Mike Hanson 0-0: Swinging Strike
0-1: Ball
1-1: Called Strike
1-2: Strikes out swinging
Batting: RHB Bob Dickerson 0-0: Called Strike
0-1: Reached on error, E9 (Flyball, 9S)
Batting: SHB Jason Alexander 0-0: Foul Ball, location: 2F
0-1: Foul Ball, location: 2F
0-2: Strikes out looking
Top of the 1st over - 0 run(s), 0 hit(s), 1 error(s), 1 left on base; Houston 0 - Phoenix 0
BOTTOM OF THE 1ST
Phoenix Hotspur batting - Pitching for Houston 1837 BBC : RHP Gary Bailey
Pitching: RHP Gary Bailey
Batting: SHB Pedro Gómez 0-0: Ball
1-0: Foul Ball, location: 2F
1-1: SINGLE (Line Drive, 6D)
Batting: LHB Shojiro Ueda 0-0: Called Strike
0-1: Called Strike
0-2: Foul Ball, location: 2F
0-2: Ball
1-2: SINGLE (Flyball, 8RS)
Pedro Gómez to second
Batting: RHB Cale Sutton 0-0: Ball
1-0: Swinging Strike
1-1: Foul Ball, location: 2F
1-2: SINGLE (Line Drive, 9S)
Pedro Gómez to third
Shojiro Ueda to second
Batting: LHB Rafael Sánchez 0-0: Fly out, F9 (Line Drive, 89D)
Runner from 3rd tags up, SCORES, no throw
Shojiro Ueda to third
Batting: RHB Gabriel Pérez 0-0: Ball
1-0: Ball
2-0: Ball
3-0: Base on Balls
Cale Sutton to second
Batting: RHB Randy Rehling 0-0: Ball
1-0: Fly out, F9 (Flyball, 9LM)
Runner from 3rd tags up, SCORES, no throw
Batting: RHB Ted Cook 0-0: Foul Ball, location: 2F
0-1: Ball
1-1: Foul Ball, location: 2F
1-2: Foul Ball, location: 2F
1-2: Foul Ball, location: 2F
1-2: Ball
2-2: Ball
3-2: Base on Balls
Cale Sutton to third
Gabriel Pérez to second
Batting: RHB Alfredo Martínez 0-0: Called Strike
0-1: Ball
1-1: Ball
2-1: Ball
3-1: Foul Ball, location: 2F
3-2: Ground out 6-3 (Groundball, 6)
Bottom of the 1st over - 2 run(s), 3 hit(s), 0 error(s), 3 left on base; Houston 0 - Phoenix 2
TOP OF THE 2ND
Houston 1837 BBC batting - Pitching for Phoenix Hotspur : RHP Javier Mora
Batting: LHB Alberto Torres 0-0: Called Strike
0-1: Ball
1-1: SINGLE (Line Drive, 89M)
Batting: LHB Chris Rice 0-0: Ball
1-0: SINGLE (Groundball, 6MD)
Alberto Torres to second
Batting: LHB Eugene Lawrence 0-0: Called Strike
0-1: Swinging Strike
0-2: Ball
1-2: Fly out, F7 (Flyball, 7LD)
Runner from 2nd tags up, SAFE at 3rd, no throw
Batting: LHB Mark McClear 0-0: Swinging Strike
0-1: Swinging Strike
0-2: Foul Ball, location: 2F
0-2: Strikes out swinging
Batting: RHB Casey Cavell 0-0: Called Strike
0-1: Called Strike
0-2: Ball
1-2: Strikes out swinging
Top of the 2nd over - 0 run(s), 2 hit(s), 0 error(s), 2 left on base; Houston 0 - Phoenix 2
BOTTOM OF THE 2ND
Phoenix Hotspur batting - Pitching for Houston 1837 BBC : RHP Gary Bailey
Batting: RHB Martín Martínez 0-0: Ball
1-0: Swinging Strike
1-1: SINGLE (Groundball, 56D)
Batting: SHB Pedro Gómez 0-0: Ball
1-0: Ball
2-0: Called Strike
2-1: Foul Ball, location: 2F
2-2: Ball
3-2: Foul Ball, location: 2F
3-2: SINGLE (Groundball, 34S) (infield hit)
Martín Martínez to second
Batting: LHB Shojiro Ueda 0-0: Called Strike
0-1: Ball
1-1: Ball
2-1: Foul Ball, location: 2F
2-2: Fly out, F7 (Flyball, 7S)
Batting: RHB Cale Sutton 0-0: Fly out, F8 (Flyball, 8LM)
Batting: LHB Rafael Sánchez 0-0: Called Strike
0-1: 3-RUN HOME RUN (Flyball, 9D), Distance : 376 ft
Batting: RHB Gabriel Pérez 0-0: Ball
1-0: Ground out 6-3 (Groundball, 6)
Bottom of the 2nd over - 3 run(s), 3 hit(s), 0 error(s), 0 left on base; Houston 0 - Phoenix 5
TOP OF THE 3RD
Houston 1837 BBC batting - Pitching for Phoenix Hotspur : RHP Javier Mora
Batting: LHB Damian Delaney 0-0: Ball
1-0: Foul Ball, location: 2F
1-1: Ball
2-1: Called Strike
2-2: Ball
3-2: Strikes out swinging
Batting: LHB Mike Hanson 0-0: Ball
1-0: Ground out U3 (Groundball, 3L)
Batting: RHB Bob Dickerson 0-0: Ball
1-0: SOLO HOME RUN (Flyball, 8LXD), Distance : 438 ft
Batting: SHB Jason Alexander 0-0: Called Strike
0-1: Called Strike
0-2: Strikes out looking
Top of the 3rd over - 1 run(s), 1 hit(s), 0 error(s), 0 left on base; Houston 1 - Phoenix 5
BOTTOM OF THE 3RD
Phoenix Hotspur batting - Pitching for Houston 1837 BBC : RHP Gary Bailey
Batting: RHB Randy Rehling 0-0: Swinging Strike
0-1: Ball
1-1: Swinging Strike
1-2: Strikes out swinging
Batting: RHB Ted Cook 0-0: Ball
1-0: Ball
2-0: Ball
3-0: Called Strike
3-1: Foul Ball, location: 2F
3-2: Foul Ball, location: 2F
3-2: Foul Ball, location: 2F
3-2: Foul Ball, location: 2F
3-2: Ground out 4-3 (Groundball, 4)
Batting: RHB Alfredo Martínez 0-0: SINGLE (Groundball, 4D)
Batting: RHB Martín Martínez 0-0: Ball
1-0: Called Strike
1-1: Swinging Strike
1-2: Ball
2-2: Ball
3-2: Ground out 6-3 (Groundball, 6)
Bottom of the 3rd over - 0 run(s), 1 hit(s), 0 error(s), 1 left on base; Houston 1 - Phoenix 5
TOP OF THE 4TH
Houston 1837 BBC batting - Pitching for Phoenix Hotspur : RHP Javier Mora
Batting: LHB Alberto Torres 0-0: Ball
1-0: Ball
2-0: Ground out 6-3 (Groundball, 6M)
Batting: LHB Chris Rice 0-0: Ball
1-0: Foul Ball, location: 2F
1-1: Foul Ball, location: 2F
1-2: Strikes out swinging
Batting: LHB Eugene Lawrence 0-0: Called Strike
0-1: Ball
1-1: Ball
2-1: Foul Ball, location: 2F
2-2: Strikes out looking
Top of the 4th over - 0 run(s), 0 hit(s), 0 error(s), 0 left on base; Houston 1 - Phoenix 5
BOTTOM OF THE 4TH
Phoenix Hotspur batting - Pitching for Houston 1837 BBC : RHP Gary Bailey
Batting: SHB Pedro Gómez 0-0: Swinging Strike
0-1: Ball
1-1: Ball
2-1: Foul Ball, location: 2F
2-2: Fly out, F5 (Popup, 5L)
Batting: LHB Shojiro Ueda 0-0: Called Strike
0-1: Ball
1-1: Swinging Strike
1-2: SINGLE (Groundball, 4MD)
Batting: RHB Cale Sutton 0-0: Called Strike
Shojiro Ueda is caught stealing 2nd base
0-1: Ball
1-1: Ball
2-1: Ball
3-1: Called Strike
3-2: Foul Ball, location: 2F
3-2: Fly out, F7 (Flyball, 78S)
Bottom of the 4th over - 0 run(s), 1 hit(s), 0 error(s), 0 left on base; Houston 1 - Phoenix 5
TOP OF THE 5TH
Houston 1837 BBC batting - Pitching for Phoenix Hotspur : RHP Javier Mora
Batting: LHB Mark McClear 0-0: Ball
1-0: Swinging Strike
1-1: Ball
2-1: Ground out 6-3 (Groundball, 6)
Batting: RHB Casey Cavell 0-0: Ball
1-0: Foul Ball, location: 2F
1-1: Swinging Strike
1-2: Strikes out swinging
Batting: LHB Damian Delaney 0-0: Swinging Strike
0-1: Ball
1-1: Foul Ball, location: 2F
1-2: Strikes out swinging
Top of the 5th over - 0 run(s), 0 hit(s), 0 error(s), 0 left on base; Houston 1 - Phoenix 5
BOTTOM OF THE 5TH
Phoenix Hotspur batting - Pitching for Houston 1837 BBC : RHP Gary Bailey
Pitching: LHP Lee Branch
Batting: LHB Rafael Sánchez 0-0: Called Strike
0-1: Ball
1-1: Called Strike
1-2: Foul Ball, location: 2F
1-2: Ball
2-2: Ball
3-2: Strikes out swinging
Batting: RHB Gabriel Pérez 0-0: Ball
1-0: Swinging Strike
1-1: Ground out 5-3 (Groundball, 5L)
Batting: RHB Randy Rehling 0-0: Ground out 6-3 (Groundball, 6)
Bottom of the 5th over - 0 run(s), 0 hit(s), 0 error(s), 0 left on base; Houston 1 - Phoenix 5
TOP OF THE 6TH
Houston 1837 BBC batting - Pitching for Phoenix Hotspur : RHP Javier Mora
Batting: LHB Mike Hanson 0-0: Called Strike
0-1: Foul Ball, location: 2F
0-2: Ball
1-2: Strikes out looking
Batting: RHB Bob Dickerson 0-0: SOLO HOME RUN (Line Drive, 7D), Distance : 391 ft
Batting: SHB Jason Alexander 0-0: Ball
1-0: Called Strike
1-1: Swinging Strike
1-2: Foul Ball, location: 2F
1-2: Foul Ball, location: 2F
1-2: Foul Ball, location: 2F
1-2: Strikes out swinging
Batting: LHB Alberto Torres 0-0: Ball
1-0: Called Strike
1-1: Ground out 6-3 (Groundball, 6)
Top of the 6th over - 1 run(s), 1 hit(s), 0 error(s), 0 left on base; Houston 2 - Phoenix 5
BOTTOM OF THE 6TH
Phoenix Hotspur batting - Pitching for Houston 1837 BBC : LHP Lee Branch
Batting: RHB Ted Cook 0-0: Ball
1-0: Called Strike
1-1: Ball
2-1: SINGLE (Groundball, 34D)
Batting: RHB Alfredo Martínez 0-0: Ball
1-0: Sac Bunt - play at first, batter OUT! 1-4
Ted Cook to second
Batting: RHB Martín Martínez 0-0: Ball
1-0: Called Strike
1-1: Ball
2-1: Ball
3-1: Foul Ball, location: 2F
3-2: Strikes out swinging
Batting: SHB Pedro Gómez 0-0: Ball
1-0: 2-RUN HOME RUN (Line Drive, 7D), Distance : 388 ft
Batting: LHB Shojiro Ueda 0-0: Ball
1-0: DOUBLE (Line Drive, 7LM)
Batting: RHB Cale Sutton 0-0: SINGLE (Groundball, 6MD)
Shojiro Ueda to third
Runner from 3rd tries for Home, throw and OUT!
Bottom of the 6th over - 2 run(s), 4 hit(s), 0 error(s), 1 left on base; Houston 2 - Phoenix 7
TOP OF THE 7TH
Houston 1837 BBC batting - Pitching for Phoenix Hotspur : RHP Javier Mora
Batting: LHB Chris Rice 0-0: Ball
1-0: Called Strike
1-1: Foul Ball, location: 2F
1-2: Strikes out swinging
Batting: LHB Eugene Lawrence 0-0: Called Strike
0-1: Swinging Strike
0-2: Ball
1-2: Strikes out swinging
Batting: LHB Mark McClear 0-0: Foul Ball, location: 2F
0-1: Called Strike
0-2: Foul Ball, location: 2F
0-2: Ground out 4-3 (Groundball, 4)
Top of the 7th over - 0 run(s), 0 hit(s), 0 error(s), 0 left on base; Houston 2 - Phoenix 7
BOTTOM OF THE 7TH
Phoenix Hotspur batting - Pitching for Houston 1837 BBC : LHP Lee Branch
Batting: LHB Rafael Sánchez 0-0: Called Strike
0-1: Ground out U3 (Groundball, 3S)
Batting: RHB Gabriel Pérez 0-0: Ball
1-0: Foul Ball, location: 2F
1-1: Ground out 6-3 (Groundball, 6)
Batting: RHB Randy Rehling 0-0: Ball
1-0: Swinging Strike
1-1: DOUBLE (Line Drive, 7LM)
Batting: RHB Ted Cook 0-0: Called Strike
0-1: Ball
1-1: Ball
2-1: Fly out, F9 (Line Drive, 9LM)
Bottom of the 7th over - 0 run(s), 1 hit(s), 0 error(s), 1 left on base; Houston 2 - Phoenix 7
TOP OF THE 8TH
Houston 1837 BBC batting - Pitching for Phoenix Hotspur : RHP Javier Mora
Batting: RHB Casey Cavell 0-0: DOUBLE (Flyball, 8LXD)
Pitching: RHP Jaime van de Weideven
Batting: LHB Damian Delaney 0-0: Called Strike
0-1: SINGLE (Groundball, 4M) (infield hit)
Casey Cavell to third
Batting: LHB Mike Hanson 0-0: Foul Ball, location: 2F
0-1: Ball
1-1: Foul Ball, location: 2F
1-2: Fielders Choice at 2nd, 4-6 (Groundball, 34)
Casey Cavell scores
Batting: RHB Bob Dickerson 0-0: Grounds into double play, 4-6-3 (Groundball, 4)
Top of the 8th over - 1 run(s), 2 hit(s), 0 error(s), 0 left on base; Houston 3 - Phoenix 7
BOTTOM OF THE 8TH
Phoenix Hotspur batting - Pitching for Houston 1837 BBC : LHP Lee Branch
Batting: RHB Alfredo Martínez 0-0: Ball
1-0: Ball
2-0: Foul Ball, location: 2F
2-1: Ball
3-1: Foul Ball, location: 2F
3-2: Foul Ball, location: 2F
3-2: Foul Ball, location: 2F
3-2: Base on Balls
Batting: RHB Martín Martínez 0-0: Ball
1-0: Sac Bunt - play at first, batter OUT! 1-3
Alfredo Martínez to second
Pitching: RHP Jorge Rosales
Batting: SHB Pedro Gómez 0-0: Ball
1-0: Called Strike
1-1: SINGLE (Groundball, 34D)
Alfredo Martínez to third
Batting: LHB Shojiro Ueda 0-0: Ball
1-0: Called Strike
1-1: Swinging Strike
1-2: Strikes out swinging
Pedro Gómez steals 2nd base
Batter strikes out.
Batting: RHB Cale Sutton 0-0: Called Strike
0-1: Ball
1-1: Fly out, F9 (Line Drive, 89XD)
Bottom of the 8th over - 0 run(s), 1 hit(s), 0 error(s), 2 left on base; Houston 3 - Phoenix 7
TOP OF THE 9TH
Houston 1837 BBC batting - Pitching for Phoenix Hotspur : RHP Jaime van de Weideven
Pitching: LHP Edgar Capello
Batting: SHB Jason Alexander 0-0: Called Strike
0-1: Foul Ball, location: 2F
0-2: Ball
1-2: Strikes out swinging
Batting: LHB Alberto Torres 0-0: Ball
1-0: Ball
2-0: Foul Ball, location: 2F
2-1: Foul Ball, location: 2F
2-2: Strikes out swinging
Batting: LHB Chris Rice 0-0: Fly out, F7 (Flyball, 78M)
Top of the 9th over - 0 run(s), 0 hit(s), 0 error(s), 0 left on base; Houston 3 - Phoenix 7
Monday, March 20th, 2017 - OOTP Baseball 17.12 Build 75